 Dungeon Crawl Stone Soup version 0.28.0-43-g3370ac3207 (webtiles) character file.

Game seed: 8968337589949915906

132 bnorton916 the Chiller (level 5, -2/35 HPs)
             Began as a Barachi Ice Elementalist on Mar 24, 2022.
             Killed from afar by a white imp (6 damage)
             ... with a puff of frost
             ... on level 3 of the Dungeon.
             The game lasted 00:04:51 (4020 turns).

bnorton916 the Chiller (Barachi Ice Elementalist)   Turns: 4020, Time: 00:04:51

Health: -2/35      AC: 11    Str:  9    XL:     5   Next: 15%
Magic:  5/10       EV: 12    Int: 18    God:
Gold:   33         SH:  0    Dex: 12    Spells: 4/11 levels left

rFire   . . .      SeeInvis .   l - +1 dagger (pain)
rCold   . . .      Faith    .   (no shield)
rNeg    + . .      Spirit   .   a - +0 robe
rPois   .          Reflect  .   i - +0 helmet
rElec   .          Harm     .   (no cloak)
rCorr   .          Rampage  .   p - +0 pair of gloves
Will    .....                   (no boots)
Stlth   ++........              (no amulet)
HPRegen 0.11/turn               e - ring of positive energy
MPRegen 0.12/turn               n - ring of wizardry

@: ice-armoured, slow
A: amphibious, slowness 1, strong legs 1, +LOS
a: Hop


You were on level 3 of the Dungeon.
You visited 1 branch of the dungeon, and saw 3 of its levels.

You collected 33 gold pieces.

Inventory:

Hand Weapons
 b - a +0 short sword
 l - a +1 dagger of pain (weapon)
Missiles
 c - 60 stones
Armour
 a - a +0 robe (worn)
 i - a +0 helmet (worn)
 k - a +2 chain mail of poison resistance
 p - a +0 pair of gloves (worn)
Jewellery
 e - a ring of positive energy (left hand)
 n - a ring of wizardry (right hand)
Scrolls
 d - 2 scrolls of teleportation {unknown}
 f - 2 scrolls of identify {unknown}
 h - a scroll of blinking {unknown}
 o - a scroll of enchant weapon {unknown}
 q - a scroll of vulnerability {unknown}
Potions
 g - a potion of cancellation {unknown}
 j - a potion of curing {unknown}
 m - a potion of heal wounds {unknown}


   Skills:
 + Level 0.8 Armour
 + Level 2.4 Dodging
 - Level 1.7 Stealth
 - Level 3.9 Spellcasting
 - Level 6.2 Ice Magic


You had 4 spell levels left.
You knew the following spells:

 Your Spells              Type           Power      Damage    Failure   Level
a - Freeze                Ice            100%       1d11      1%          1
b - Frozen Ramparts       Ice            50%        1d7       1%          3
c - Ozocubu's Armour      Ice            25%        N/A       1%          3

Your spell library contained the following spells:

 Spells                   Type           Power      Damage    Failure   Level
 Hailstorm                Conj/Ice       14%        3d5       16%         4


Dungeon Overview and Level Annotations

Branches:
Dungeon (3/15)

Altars:


Innate Abilities, Weirdness & Mutations

You are amphibious.
You cover ground slowly.
You can hop short distances.
You have an extended range of vision and can be seen from far away.


Message History

The white imp hits you but does no damage.
The white imp resists.
The wall freezes the white imp.
The white imp gestures at you.
The puff of frost hits you but does no damage.
Unknown command.
You hit the white imp.
The white imp is heavily wounded.
The white imp completely resists.
The wall freezes the white imp but does no damage.
The white imp closely misses you.
You closely miss the white imp.
The white imp is heavily wounded.
The white imp resists.
The wall freezes the white imp.
The white imp hits you. The white imp freezes you.
You hit the white imp.
The white imp is severely wounded.
The white imp completely resists.
The wall freezes the white imp but does no damage.
The white imp gestures at you.
The puff of frost hits you but does no damage.
You closely miss the white imp.
The white imp is severely wounded.
The frozen ramparts melt away.
The white imp gestures at you. The puff of frost hits you!
* * * LOW HITPOINT WARNING * * *
You barely miss the white imp.
The white imp is severely wounded.
The white imp hits you but does no damage.
Unknown command.
You hit the white imp.
The white imp is almost dead.
The white imp gestures at you. The puff of frost hits you.
* * * LOW HITPOINT WARNING * * *
You hit the white imp.
The white imp is almost dead.
The white imp gestures at you. The puff of frost hits you.
You die...

. .. # .#
.#.#.#######.#
.......5@....# ....
....#≈##.....# ..#
..###≈≈#≈#...# ..#
...#≈≈≈≈≈≈#...# ..#
..#≈≈#≈≈#≈##..# #.#
#.#≈≈≈≈≈≈≈≈#..# #.#
#.#≈≈#≈≈≈#≈≈..# #.#
#.##≈≈≈≈≈≈##..#
#.###..≈≈≈≈#≈≈#..##


You could see a white imp.

Vanquished Creatures
  A jelly (D:2)
  Terence (D:2)
  2 adders
  2 worms (D:2)
  A dart slug (D:1)
  An orc (D:3)
  2 endoplasms (D:1)
  5 giant cockroaches
  7 goblins
  2 hobgoblins
  2 jackals (D:1)
  5 kobolds
  2 quokkas
  4 ball pythons
  4 bats
  A frilled lizard (D:1)
  9 rats
51 creatures vanquished.

Notes
Turn   | Place    | Note
-------+----------+-------------------------------------------
     0 | D:1      | bnorton916 the Barachi Ice Elementalist began the quest for
                  | the Orb.
     0 | D:1      | Reached XP level 1. HP: 13/13 MP: 3/3
   506 | D:1      | Reached skill level 5 in Ice Magic
  1062 | D:1      | Reached XP level 2. HP: 16/19 MP: 1/5
  1619 | D:1      | Found a faded altar of an unknown god.
  1627 | D:1      | Reached XP level 3. HP: 19/24 MP: 2/7
  1837 | D:2      | Learned a level 3 spell: Frozen Ramparts
  1841 | D:2      | Learned a level 3 spell: Ozocubu's Armour
  2969 | D:2      | Noticed Terence
  2978 | D:2      | Killed Terence
  2979 | D:2      | Reached skill level 6 in Ice Magic
  2979 | D:2      | Reached XP level 4. HP: 19/30 MP: 4/9
  3772 | D:3      | Reached XP level 5. HP: 35/35 MP: 6/10
  4020 | D:3      | Killed from afar by a white imp

Illustrated notes

Levels and vault maps discovered:
D:1:      dpeg_arrival_round_a, layout_basic, nicolae_ecumenical_snake_handling,
          serial_bayou_crossing
D:2:      layout_basic, nicolae_concentric_dashed_squares_mild,
          grunt_ministairs_8, uniq_terence
D:3:      layout_basic, serial_rivers, chequers_serial_rivers_large_b,
          chequers_serial_rivers_micro_a, chequers_serial_rivers_micro_a,
          chequers_serial_rivers_small_a, minivault_4, st_stairs_2,
          hangedman_decor_clover_reticule

Skill      XL: |  1  2  3 |
---------------+----------+-----
Ice Magic      | 5 6 |  6.2
Spellcasting   | 3 |  3.9
Armour         | |  0.8
Dodging        | |  2.4
Stealth        | |  1.7

Action                   |  1- 3 |  4- 6 || total
-------------------------+-------+-------++-------
Melee: Dagger            |       |     9 ||     9
 Cast: Freeze            |    42 |     3 ||    45
       Frozen Ramparts   |     4 |     8 ||    12
       Ozocubu's Armour  |       |     1 ||     1
Armor: Robe              |    10 |     7 ||    17
Dodge: Dodged            |    31 |     7 ||    38
